Map: 环轨星港

Players

Koibomlin - Winner!

  • Race: Terran Terran
  • League: Gold

shengy

  • Race: Zerg Zerg
  • League: Platinum

VOD

Have the link to the VOD?

Description

Time

  • Played on: Dec. 26, 2015, 4:15 p.m.
  • Length: 10:24
Show
View Real Time Build Order
Export as new Build Order

Koibomlin Terran - Winner!

Build Orders: Liberator Opening, Reaper Expand, MMM Bio 

Get SALT Encoding   

  12  0:02  SCV  
  14  0:14  SCV  
  14  0:22  Supply Depot  
  14  0:26  SCV  
  15  0:44  SCV  
  15  0:46  Barracks  
  16  0:50  Refinery  
  16  0:56  SCV  
  17  1:08  SCV  
  18  1:20  SCV  
  19  1:35  Orbital Command  
  19  1:36  Reaper  
  20  1:45  Command Center  
  20  1:48  Supply Depot  
  20  2:02  SCV  
  21  2:11  Barracks Reactor  
  21  2:14  SCV  
  22  2:19  Refinery  
  22  2:26  SCV  
  23  2:32  Factory  
  23  2:38  SCV  
  24  2:50  SCV  
  25  2:53  Marine x2  
  27  3:01  Orbital Command  
  27  3:02  SCV  
  28  3:15  SCV  
  29  3:21  Starport  
  29  3:27  SCV  
  30  3:31  Hellion, SCV  
  30  3:32  Hellion, Barracks Reactor  
  35  3:39  SCV  
  36  3:43  SCV  
  37  3:48  Supply Depot  
  37  3:51  SCV  
  37  3:53  Supply Depot, Hellion x2  
  37  3:55  Liberator x2, SCV  
  43  4:03  Supply Depot, SCV  
  43  4:07  SCV  
  45  4:14  Hellion  
  45  4:15  Hellion, SCV  
  56  4:20  Supply Depot  
  56  4:21  SCV  
  57  4:27  SCV  
  58  4:35  SCV  
  58  4:39  SCV  
  58  4:42  Hellion x2  
  63  4:47  SCV  
  63  4:48  Supply Depot  
  63  4:49  Barracks Tech Lab  
  63  4:51  Liberator  
  64  4:53  SCV, Command Center  
  64  4:59  SCV  
  66  5:05  Widow Mine x2  
  70  5:10  Marine  
  70  5:11  Stimpack  
  74  5:14  SCV  
  74  5:17  Barracks  
  75  5:22  SCV  
  75  5:26  Engineering Bay, SCV  
  75  5:27  Barracks  
  77  5:35  SCV  
  75  5:50  Liberator x2  
  65  6:07  Hellion x2  
  75  6:20  Orbital Command, SCV x2  
  75  6:22  Barracks Reactor  
  75  6:23  Barracks Reactor  
  75  6:27  Marine  
  75  6:32  SCV x2  
  78  6:37  Refinery  
  78  6:38  Refinery  
  78  6:39  Widow Mine x2  
  80  6:44  SCV  
  80  6:45  Marine  
  84  6:49  SCV  
  84  6:54  Medivac  
  87  7:00  SCV  
  88  7:03  Marine  
  88  7:07  Marine x2  
  91  7:17  Marine  
  91  7:20  Marine  
  93  7:23  Widow Mine, Marine  
  93  7:24  Widow Mine  
  93  7:25  Marine x2  
  100  7:35  Marine  
  100  7:36  Missile Turret  
  101  7:37  Missile Turret  
  101  7:38  Missile Turret  
  101  7:39  Missile Turret  
  101  7:41  Terran Infantry Weapons Level 1  
  101  7:42  Missile Turret  
  101  7:43  Marine x3  
  101  7:45  Barracks x2  
  101  8:01  Orbital Command  
  101  8:06  Engineering Bay  
  101  8:08  Armory  
  101  8:13  Missile Turret x2, Marine x5  
  101  8:14  SCV x2, Missile Turret x2  
  108  8:27  Combat Shields  
  108  8:30  SCV  
  109  8:38  Missile Turret  
  109  8:39  Missile Turret  
  109  8:46  Refinery  
  109  8:47  Supply Depot x2  
  109  8:48  Refinery  
  109  8:49  Barracks Reactor, Barracks Tech Lab  
  109  9:08  Widow Mine x2, Marine x4  
  109  9:09  Medivac x2, Marine  
  122  9:11  Marine  
  122  9:12  Supply Depot  
  123  9:23  Supply Depot  
  123  9:24  Supply Depot  
  123  9:26  Barracks x2, Marine x2, Command Center  
  125  9:31  Marine x6  
  131  9:44  Widow Mine x2, Marine x2  
  131  9:45  Medivac x2  
  141  9:49  Marine x6  
  147  10:02  Marine x2  
Show
View Real Time Build Order
Export as new Build Order

shengy Zerg 

Build Orders: Hatch First 

Get SALT Encoding   

  12  0:01  Drone  
  13  0:08  Drone  
  14  0:18  Overlord  
  14  0:37  Drone x3  
  17  0:47  Drone  
  18  0:57  Hatchery  
  18  1:01  Drone  
  18  1:14  Spawning Pool  
  18  1:15  Drone  
  19  1:25  Drone  
  19  1:32  Drone  
  19  1:33  Extractor  
  19  1:42  Overlord  
  19  2:01  Queen  
  19  2:02  Zergling x2  
  19  2:05  Drone  
  23  2:09  Queen  
  23  2:10  Zergling x2  
  23  2:15  Drone  
  27  2:29  Drone x2  
  29  2:37  Drone x2  
  31  2:49  Metabolic Boost  
  31  2:51  Drone x2  
  31  2:53  Queen  
  31  2:57  Drone  
  36  2:59  Overlord  
  36  3:14  Overlord  
  36  3:20  Drone x4  
  36  3:21  Baneling Nest  
  39  3:32  Extractor  
  38  3:34  Drone  
  38  3:35  Drone x3  
  38  3:39  Overlord  
  42  3:45  Lair  
  42  3:51  Drone  
  42  3:54  Extractor  
  42  3:57  Drone x3  
  45  4:05  Overlord  
  45  4:23  Zergling x16  
  53  4:29  Evolution Chamber  
  53  4:30  Evolution Chamber  
  51  4:57  Zerg Melee Weapons Level 1  
  51  4:58  Zerg Ground Armor Level 1, Overlord  
  52  5:00  Drone x8  
  52  5:03  Extractor  
  52  5:05  Roach Warren  
  56  5:13  Spore Crawler  
  55  5:17  Spore Crawler  
  54  5:23  Baneling x5, Spore Crawler  
  54  5:24  Baneling x12  
  49  5:54  Roach x10  
  63  6:25  Spire  
  63  6:29  Glial Reconstitution  
  62  6:36  Zergling x2  
  62  6:37  Zergling x2  
  62  6:39  Overseer  
  64  6:43  Drone x3  
  64  6:45  Overlord x4  
  64  6:46  Extractor  
  66  6:47  Hatchery  
  66  6:51  Zerg Ground Armor Level 2, Extractor  
  64  6:55  Zerg Missile Weapons Level 1  
  60  7:10  Ravager  
  60  7:12  Queen  
  58  7:16  Drone  
  58  7:17  Drone x6  
  63  7:26  Ravager x2  
  65  7:35  Ravager  
  61  8:03  Pneumatized Carapace  
  60  8:06  Queen  
  60  8:07  Overseer  
  60  8:08  Overseer  
  62  8:15  Queen  
  64  8:23  Drone x13  
  77  8:28  Ravager  
  78  8:47  Corruptor x3  
  84  8:55  Drone  
  85  8:56  Drone x2  
  85  8:57  Drone x3  
  90  9:05  Overlord  
  90  9:06  Overlord  
  90  9:27  Overlord  
  90  9:32  Hydralisk Den  
  89  9:38  Infestation Pit  
  88  9:55  Zergling x24  
  88  9:56  Zergling x6  
Tags
 
Add a new tag
Caveats
  • Supply blocks, unpowered buildings, or Contaminate may cause inaccurate times.
  • Supply counts are checked every 10 seconds.